 Dungeon Sprint DCSS version 0.30-a0-50-gb2d611f6b1 (webtiles) character file.

Game seed: 10645405502741433789

1757 rocky1 the Fighter (level 9, -2/102 HPs)
             Began as an Ogre Gladiator on Sept 5, 2022.
             Was a Priest of Okawaru.
             Slain by a flayed ghost (27 damage)
             ... in the Dungeon (Sprint VII: "The Pits").
             The game lasted 00:04:30 (2250 turns).

rocky1 the Fighter (Ogre Gladiator)                 Turns: 2250, Time: 00:04:30

Health: -2/102     AC:  3    Str: 24    XL:     9   Next: 6%
Magic:  12/14      EV: 17    Int: 12    God:    Okawaru [***...]
Gold:   0          SH:  0    Dex: 10    Spells: 8/8 levels left

rFire   . . .      SeeInvis .    t - +2 dire flail (vorpal)
rCold   . . .      Faith    .    (shield currently unavailable)
rNeg    . . .      Spirit   .    b - +0 robe
rPois   .          Reflect  .    c - +0 hat
rElec   .          Harm     .    (no cloak)
rCorr   .          Rampage  .    (gloves unavailable)
Will    .....      NoTele   +    (boots unavailable)
Stlth   ++++......               (no amulet)
HPRegen 0.27/turn                q - +3 ring of evasion
MPRegen 0.14/turn                g - +3 ring of intelligence

@: heroic, flayed
A: large, unfitting armour, tough skin 1
a: Renounce Religion, Heroism


You were in the Dungeon.
You worshipped Okawaru.
Okawaru was most pleased with you.
You visited 1 branch

Inventory:

Hand Weapons
 a - a +0 flail
 m - a +1 flail of protection
 o - a +3 vampiric spear
 t - a +2 vorpal dire flail (weapon)
Missiles
 d - a throwing net
 e - a large rock
 p - 4 poisoned darts (quivered)
Armour
 b - a +0 robe (worn)
 c - a +0 hat (worn)
Jewellery
 g - a +3 ring of intelligence (right hand)
 q - a +3 ring of evasion (left hand)
Scrolls
 k - a scroll of blinking
 l - 5 scrolls of amnesia
Potions
 f - 10 potions of curing
 h - 3 potions of haste
 i - 4 potions of magic
 j - 2 potions of invisibility
 n - a potion of heal wounds
 r - a potion of brilliance
 s - a potion of might


   Skills:
 + Level 10.8(15.8) Fighting
 + Level 9.2(14.2) Maces & Flails
 + Level 6.3(11.3) Throwing
 + Level 4.6(9.6) Armour
 + Level 9.1(14.1) Dodging
 - Level 4.4(9.4) Stealth
 + Level 7.8 Invocations


You had 8 spell levels left.
You didn't know any spells.
Your spell library was empty.

Dungeon Overview and Level Annotations

Branches:
Dungeon (1/1)

Altars:
Ashenzari
Cheibriados
Dithmenos
Elyvilon
Fedhas
Gozag
Hepliaklqana
Kikubaaqudgha
Makhleb
Nemelex Xobeh
Okawaru
Qazlal
Ru
Sif Muna
Trog
Uskayaw
Vehumet
Wu Jian
Xom
Yredelemnul
Zin
The Shining One
Jiyva
Lugonu


Innate Abilities, Weirdness & Mutations

You are too large for most types of armour.
You have tough skin. (AC +1)


Message History

You closely miss the merfolk.
The merfolk is moderately wounded.
The merfolk hits you with a +0 trident!
You impale the merfolk!!
The merfolk is severely wounded.
The flayed ghost cries, "Suffer as I suffered!"
Terrible wounds open up all over your body!
* * * LOW HITPOINT WARNING * * *
Unknown command.
You feel much better. The merfolk hits you with a +0 trident!
The flayed ghost hits you!
* * * LOW HITPOINT WARNING * * *
You barely miss the merfolk.
The merfolk is severely wounded.
The merfolk completely misses you.
You miss the merfolk.
The merfolk is severely wounded.
The flayed ghost misses you.
You barely miss the merfolk.
The merfolk is severely wounded.
The merfolk hits you with a +0 trident.
* * * LOW HITPOINT WARNING * * *
You bludgeon the merfolk!!
You kill the merfolk!
Okawaru accepts your kill. The flayed ghost closely misses you.
You have reached level 9!
Your experience leads to an increase in your attributes!
Your base attributes are Str 21, Int 9, Dex 10.
Increase (S)trength, (I)ntelligence, or (D)exterity?
You feel stronger. x3
Unknown command.
You hit the flayed ghost.
The flayed ghost is lightly damaged.
The flayed ghost hits you!!
* * * LOW HITPOINT WARNING * * *
You feel much better. The flayed ghost hits you!!
* * * LOW HITPOINT WARNING * * *
You feel much better. The flayed ghost hits you!!
You die...

####......#..#......#
..##................#
).#####'#####''######
))##.......##''#####
))##.......##......#
[[##.......##......#
'###...<...###....##
..##.......# ##''##
..##.......# #..@.#
####.......##..W)..#
..###########......+
.############......#
)#....#..[[###....##
'#....#..[[# ##++##
.'....'..))#
'#....#..))#
.#....#...)#


You could see a flayed ghost.

Vanquished Creatures
  A bog body (D)
  A black mamba (D)
  A merfolk (D)
  2 floating eyes (D)
  2 centaurs (D)
  A kobold brigand (D)
  A gnoll sergeant (D)
  A scorpion (D)
  A quasit (D)
  2 iron imps (D)
  4 gnolls (D)
  A river rat (D)
  2 ufetubi (D)
  2 orcs (D)
  A bat (D)
  A giant cockroach (D)
  A hobgoblin (D)
  A quokka (D)
  A ball python (D)
  A frilled lizard (D)
  A kobold (D)
  A quokka zombie (D)
  A rat (D)
31 creatures vanquished.

Notes
Turn   | Place    | Note
-------+----------+-------------------------------------------
     0 | D        | rocky1 the Ogre Gladiator began the quest for the Orb.
     0 | D        | Reached XP level 1. HP: 22/22 MP: 1/1
    25 | D        | Reached skill level 3 in Fighting
    25 | D        | Reached XP level 2. HP: 31/31 MP: 2/2
    28 | D        | Found a bloodstained altar of Trog.
    28 | D        | Found a shimmering blue altar of Sif Muna.
    28 | D        | Found a viscous altar of Jiyva.
    28 | D        | Found a hazy altar of Hepliaklqana.
    28 | D        | Found an opulent altar of Gozag.
    29 | D        | Found a glowing golden altar of the Shining One.
    29 | D        | Found a glowing silver altar of Zin.
    29 | D        | Found a basalt altar of Yredelemnul.
    29 | D        | Found a shimmering altar of Xom.
    29 | D        | Found an ornate altar of the Wu Jian Council.
    29 | D        | Found a sacrificial altar of Ru.
    29 | D        | Found a stormy altar of Qazlal.
    29 | D        | Found an iron altar of Okawaru.
    29 | D        | Found a sparkling altar of Nemelex Xobeh.
    29 | D        | Found a burning altar of Makhleb.
    29 | D        | Found a blossoming altar of Fedhas.
    29 | D        | Found a white marble altar of Elyvilon.
    29 | D        | Found a shadowy altar of Dithmenos.
    29 | D        | Found a snail-covered altar of Cheibriados.
    32 | D        | Found a corrupted altar of Lugonu.
    32 | D        | Found a radiant altar of Vehumet.
    33 | D        | Found an ancient bone altar of Kikubaaqudgha.
    33 | D        | Found a hide-covered altar of Uskayaw.
    33 | D        | Found a broken altar of Ashenzari.
    39 | D        | Became a worshipper of Warmaster Okawaru
    75 | D        | Noticed a floating eye
    75 | D        | Noticed a scorpion
    76 | D        | Paralysed by a floating eye for 4 turns
    82 | D        | Paralysed by a floating eye for 2 turns
    84 | D        | Killed a floating eye
    85 | D        | Reached skill level 4 in Fighting
    85 | D        | Reached XP level 3. HP: 41/41 MP: 3/3
    85 | D        | Reached XP level 4. HP: 49/49 MP: 4/4
    91 | D        | Killed a scorpion
    92 | D        | Reached skill level 6 in Fighting
    92 | D        | Reached XP level 5. HP: 46/59 MP: 4/6
   235 | D        | Noticed a floating eye
   244 | D        | Paralysed by a floating eye for 3 turns
   249 | D        | Killed a floating eye
   249 | D        | Reached * piety under Okawaru
   250 | D        | Reached skill level 7 in Fighting
   250 | D        | Reached XP level 6. HP: 68/71 MP: 7/9
   325 | D        | Reached skill level 1 in Stealth
   335 | D        | Reached skill level 1 in Armour
   335 | D        | Reached skill level 5 in Invocations
   345 | D        | Reached skill level 8 in Fighting
   365 | D        | Reached XP level 7. HP: 23/81 MP: 11/11
   754 | D        | Noticed a bog body
   762 | D        | Killed a bog body
   762 | D        | Reached ** piety under Okawaru
   763 | D        | Reached skill level 9 in Fighting
   763 | D        | Reached skill level 5 in Throwing
   763 | D        | Reached XP level 8. HP: 10/93 MP: 11/13
  1191 | D        | Reached *** piety under Okawaru
  1192 | D        | Reached skill level 10 in Fighting
  1388 | D        | Noticed a black mamba
  1401 | D        | Killed a black mamba
  2119 | D        | Noticed a merfolk
  2236 | D        | Noticed a flayed ghost
  2247 | D        | Killed a merfolk
  2248 | D        | Reached XP level 9. HP: 28/102 MP: 12/14
  2249 | D        | HP: 3/102 [flayed ghost (19)]
  2250 | D        | Slain by a flayed ghost

Illustrated notes

Levels and vault maps discovered:
D:        pitsprint [storerooms_1, entrance_room_1, metal_vault_2, armoury_1,
          mini_pit_1, grid_room_1, main_hall_1, silver_pit, the_coven_1,
          the_vestibule_1, steel_vault_1, golden_pit, hallway_of_sentries,
          crystal_vault_1, iron_vault_2, final_vault]

Skill      XL: |  1  2  3  4  5  6  7  8 |
---------------+-------------------------+-----
Fighting       | 3 4 6 7 8 9 10 | 10.8
Maces & Flails | 3 6 7 8 9 |  9.2
Dodging        | 3 6 7 8 9 |  9.1
Invocations    | 2 4 5 6 7 |  7.8
Stealth        | 2 3 4 |  4.4
Armour         | 2 3 4 |  4.6
Throwing       | 3 5 6 |  6.3

Action                   |  1- 3 |  4- 6 |  7- 9 || total
-------------------------+-------+-------+-------++-------
Melee: Flail             |    12 |    82 |    40 ||   134
       Dire flail        |       |       |    11 ||    11
       Punch             |       |       |     2 ||     2
Throw: Throwing net      |     1 |     1 |       ||     2
Invok: Heroism           |       |       |     2 ||     2
  Use: Potion            |     2 |     2 |     6 ||    10
 Stab: Sleeping          |       |       |     1 ||     1
Armor: Robe              |     1 |    17 |    17 ||    35
Dodge: Dodged            |     8 |    51 |    24 ||    83

Table legend: (Time is in decaauts)
 A = Elapsed time spent in this place.
 B = Non-inter-level travel time spent in this place.
 C = Inter-level travel time spent in this place.
 D = Time resting spent in this place.
 E = Time spent auto-exploring this place.
 F = Levels seen in this place.
 G = Mean time per level.
                   A        B        C        D        E       F      G
               +--------+--------+--------+--------+--------+-----+--------+
         Total |   2290 |   2270 |     20 |   1778 |      0 |   1 | 2290.0 |
       Dungeon |   2290 |   2270 |     20 |   1778 |      0 |   1 | 2290.0 |
               +--------+--------+--------+--------+--------+-----+--------+

Top non-repeatable levels by time:
       D: 2290 daAuts
